 Dungeon Crawl Stone Soup version 0.31-a0-1025-g2e47921a08 (webtiles) character file.

Game seed: 16108328435722036183

1845 Anon1729 the Chopper (level 8, -1/74 HPs)
             Began as a Minotaur Monk on Nov 17, 2023.
             Slain by a vampire (6 damage)
             ... on level 7 of the Dungeon.
             The game lasted 00:03:27 (5651 turns).

Anon1729 the Chopper (Minotaur Monk)                Turns: 5651, Time: 00:03:28

Health: -1/74      AC: 11    Str: 19    XL:     8   Next: 88%
Magic:  7/7        EV: 14    Int:  7    God:
Gold:   109        SH:  0    Dex: 12    Spells: 7/7 levels left

rFire   . . .        C - +2 broad axe (freeze)
rCold   . . .        d - orb {light}
rNeg    . . .        E - +0 steam dragon scales
rPois   .            (helmet restricted)
rElec   .            D - +2 cloak
rCorr   .            q - +0 pair of gloves
SInv    .            (no boots)
Will    .....        (no amulet)
Stlth   +            (no ring)
HPRegen 0.32/turn    (no ring)
MPRegen 0.10/turn

%: no passive effects
@: about to teleport, glowing
A: horns 2, retaliatory headbutt
a: no special abilities


You were on level 7 of the Dungeon.
You visited 1 branch of the dungeon, and saw 7 of its levels.

You collected 277 gold pieces.
You spent 168 gold pieces at shops.

Inventory:

Hand Weapons
 a - a +0 hand axe
 C - a +2 broad axe of freezing (weapon)
Missiles
 o - 4 javelins
 z - a throwing net
Armour
 d - an orb of light (worn)
 n - a +2 robe of fire resistance
 q - a +0 pair of gloves (worn)
 D - a +2 cloak (worn)
 E - +0 steam dragon scales (worn)
Jewellery
 b - an amulet of magic regeneration
 x - a ring of ice
Scrolls
 e - 2 scrolls of poison
 f - 3 scrolls of enchant armour
 g - 2 scrolls of enchant weapon
 i - a scroll of fear {unknown}
 l - a scroll of teleportation
 m - 2 scrolls of immolation {unknown}
 p - a scroll of acquirement {unknown}
 r - 2 scrolls of identify
 t - 2 scrolls of fog {unknown}
 y - a scroll of revelation {unknown}
 B - a scroll of amnesia {unknown}
Potions
 c - a potion of cancellation {unknown}
 h - 2 potions of might {unknown}
 j - 2 potions of degeneration {unknown}
 k - 2 potions of curing
 s - a potion of berserk rage {unknown}
 u - a potion of invisibility {unknown}
 v - 3 potions of attraction {unknown}
 w - 2 potions of haste {unknown}
 A - a potion of enlightenment {unknown}


   Skills:
 + Level 7.8 Fighting
 + Level 7.9 Axes
 + Level 6.4 Armour
 + Level 7.2 Dodging


You had 7 spell levels left.
You didn't know any spells.
Your spell library contained the following spells:

 Spells                   Type           Power      Damage    Failure   Level
 Apportation              Tloc           0%         N/A       43%         1
 Necrotise                Necr           0%         1d4       43%         1
 Summon Small Mammal      Summ           0%         N/A       43%         1


Dungeon Overview and Level Annotations

Branches:
Dungeon (7/15)
 Temple: D:4-7

Altars:
Cheibriados
Hepliaklqana
Kikubaaqudgha
Ru
The Shining One

Shops:
D:6 (

Annotations:
D:4 1 runed translucent door, Crazy Yiuf
D:6 2 runed translucent doors, rocker's ghost, novice DgGl


Innate Abilities, Weirdness & Mutations

You have a pair of horns on your head.
You reflexively headbutt those who attack you in melee.


Message History

The vampire is almost destroyed.
The vampire barely misses you. The vampire bites you!
* * * LOW HITPOINT WARNING * * *
The vampire draws strength from your injuries!
You aren't carrying any items that you can evoke.
Okay, then.
Unknown command.
Unknown command.
Okay, then.
Unknown command.
Unknown command.
Unknown command.
Okay, then.
Sorry, you're not good enough to have a special ability.
Unknown command.
Unknown command.
Okay, then.
Okay, then.
Okay, then.
Unknown command.
Unknown command.
Unknown command.
Okay, then.
You aren't carrying any items that you can evoke.
It was a potion of curing.
You feel better. The vampire hits you!
* * * LOW HITPOINT WARNING * * *
The vampire bites you but does no damage.
You feel better. The vampire closely misses you. x2
You feel better. The vampire barely misses you. The vampire bites you.
* * * LOW HITPOINT WARNING * * *
The vampire draws strength from your injuries!
You aren't carrying any items that you can evoke.
As you read the scroll of teleportation, it crumbles to dust.
You feel strangely unstable. The vampire hits you.
* * * LOW HITPOINT WARNING * * *
The vampire bites you but does no damage.
The vampire attacks as it pursues you! The vampire hits you.
* * * LOW HITPOINT WARNING * * *
The vampire bites you.
You die...

..####.# ..<# #.# ..##
#.### .## #...# # ###.#
#.# #.# #.#
############.
#######.###...V@.......
.....(............####.
.....#..##..........#
#.....#.....###+###....
##......#..## ...
##.......## ..
####+#### .


You could see a vampire (invisible).

Vanquished Creatures
  Sigmund (D:4)
  2 steam dragons (D:6)
  Menkaure (D:7)
  Edmund (D:4)
  A water moccasin (D:5)
  A sky beast (D:6)
  An ice beast (D:6)
  A black bear (D:6)
  A phantom (D:5)
  4 scorpions
  The ghost of Anon1729 the Trooper, a weakling MiMo (D:3)
  A bullfrog zombie (D:3)
  A centaur zombie (D:3)
  An orc priest (D:4)
  A hound (D:6)
  2 sleepcaps
  2 iguanas (D:6)
  7 gnolls (D:5)
  9 adders
  A shadow imp (D:5)
  2 ufetubi (D:6)
  A dart slug (D:4)
  8 orcs
  4 ball pythons
  2 bats
  6 endoplasms
  5 giant cockroaches
  3 goblins
  2 hobgoblins
  A quokka (D:3)
  7 frilled lizards
  5 kobolds
  6 rats
92 creatures vanquished.

Notes
Turn   | Place    | Note
-------+----------+-------------------------------------------
     0 | D:1      | Anon1729 the Minotaur Monk began the quest for the Orb.
     0 | D:1      | Reached XP level 1. HP: 19/19 MP: 0/0
   275 | D:1      | Reached XP level 2. HP: 27/27 MP: 1/1
   825 | D:2      | Reached XP level 3. HP: 29/33 MP: 2/2
  1193 | D:3      | Found a runed translucent gate.
  1193 | D:3      | Found a runed translucent gate.
  1193 | D:3      | Found a runed translucent gate.
  1193 | D:3      | Noticed Anon1729's ghost (weakling MiMo)
  1612 | D:3      | Found an ancient bone altar of Kikubaaqudgha.
  1937 | D:3      | Reached skill level 1 in Armour
  1937 | D:3      | Reached XP level 4. HP: 21/41 MP: 3/3
  1951 | D:3      | HP: 2/41 [Anon1729's ghost (3)]
  1960 | D:3      | Killed Anon1729's ghost
  1965 | D:3      | Reached XP level 5. HP: 33/47 MP: 4/4
  2083 | D:4      | Reached skill level 5 in Fighting
  2083 | D:4      | Reached skill level 5 in Axes
  2139 | D:4      | Noticed Edmund
  2150 | D:4      | Killed Edmund
  2151 | D:4      | Reached XP level 6. HP: 51/56 MP: 5/5
  2201 | D:4      | Noticed Sigmund
  2212 | D:4      | Killed Sigmund
  2213 | D:4      | Reached skill level 5 in Dodging
  2271 | D:4      | Found a large runed translucent door.
  2272 | D:4      | Found a large runed translucent door.
  2355 | D:4      | Found a sacrificial altar of Ru.
  2474 | D:4      | Found a runed translucent door.
  2475 | D:4      | Noticed Crazy Yiuf
  2519 | D:4      | Reached XP level 7. HP: 53/62 MP: 6/6
  2863 | D:4      | Found a hazy altar of Hepliaklqana.
  2871 | D:4      | Found a snail-covered altar of Cheibriados.
  3013 | D:5      | Entered Level 5 of the Dungeon
  3667 | D:5      | Reached XP level 8. HP: 54/71 MP: 7/7
  3965 | D:6      | Reached skill level 5 in Armour
  4118 | D:6      | Found Ecean's Antique Weapon Shoppe.
  4121 | D:6      | Bought a glowing broad axe for 168 gold pieces
  4280 | D:6      | Found a large runed translucent door.
  4280 | D:6      | Found a large runed translucent door.
  4280 | D:6      | Noticed rocker's ghost (novice DgGl)
  5356 | D:6      | Found a glowing golden altar of the Shining One.
  5510 | D:7      | Noticed Menkaure
  5515 | D:7      | Killed Menkaure
  5646 | D:7      | HP: 2/74 [vampire (9)]
  5651 | D:7      | Slain by a vampire

Illustrated notes

Levels and vault maps discovered:
D:1:      dpeg_arrival_tiny_f, layout_loops_ring
D:2:      minmay_recursive_quarters, layout_loops_cross,
          minmay_increasing_density
D:3:      layout_basic, kiku_gazebo_garden_becter, gammafunk_ghost_necromancy,
          nicolae_kite_square_tiling_tiny
D:4:      layout_basic, jmf_multi_god_temple2, mainiacjoe_overflow_catwalk,
          kennysheep_generic_room_13, uniq_sigmund, uniq_edmund,
          uniq_crazy_yiuf_cottage
D:5:      layout_basic, nicolae_eternal_life, hangedman_decor_growths,
          item_on_display_a
D:6:      layout_layer_cave, tso_altar, ebering_ghost_disaster_area,
          serial_shops, kennysheep_mini_moat
D:7:      minmay_the_grid_octo_tiled_octocenter [minmay_the_grid_octo_clover_2,
          minmay_the_grid_octo_odd_swirl, minmay_the_grid_octo_clover,
          minmay_the_grid_octo_pinwheel, minmay_the_grid_octo_prize_big_c,
          minmay_the_grid_square_5x5_c,
          minmay_the_grid_square_5x5_almost_minimal,
          minmay_the_grid_square_5x5_two, minmay_the_grid_square_5x5_longway],
          layout_loops_ring, minmay_temple_entry_grid, uniq_menkaure

Skill      XL: |  1  2  3  4  5  6  7  8 |
---------------+-------------------------+-----
Axes           | 4 5 6 7 |  7.9
Fighting       | 4 5 6 7 |  7.8
Armour         | 1 2 3 4 6 |  6.4
Dodging        | 4 5 6 7 |  7.2

Action                     |  1- 3 |  4- 6 |  7- 9 || total
---------------------------+-------+-------+-------++-------
  Melee: Hand axe          |    62 |    54 |    80 ||   196
         Headbutt          |    10 |    15 |    29 ||    54
         Broad axe         |       |       |    34 ||    34
    Use: Potion            |       |     1 |     3 ||     4
         Scroll            |       |     4 |     1 ||     5
   Stab: Sleeping          |     1 |       |       ||     1
 Armour: Robe              |    28 |    26 |    58 ||   112
         Steam dragon scal |       |       |    26 ||    26
  Dodge: Dodged            |    43 |    40 |    90 ||   173

Table legend: (Time is in decaauts)
 A = Elapsed time spent in this place.
 B = Non-inter-level travel time spent in this place.
 C = Inter-level travel time spent in this place.
 D = Time resting spent in this place.
 E = Time spent auto-exploring this place.
 F = Levels seen in this place.
 G = Mean time per level.
                   A        B        C        D        E       F      G
               +--------+--------+--------+--------+--------+-----+--------+
         Total |   5663 |   5421 |    242 |      0 |   4805 |   7 |  809.0 |
       Dungeon |   5663 |   5421 |    242 |      0 |   4805 |   7 |  809.0 |
               +--------+--------+--------+--------+--------+-----+--------+

Top non-repeatable levels by time:
     D:6: 1545 daAuts
     D:3: 1077 daAuts
     D:4: 961 daAuts
     D:5: 941 daAuts
     D:1: 617 daAuts
     D:2: 364 daAuts
     D:7: 156 daAuts
